AoeStats
← BlackKanon07

Arabia

508664685Analyzed
1v1 RM · 10d ago on Sep 23, 2026· 35m 18s· 2 players
Game mode
Random Map
Map size
Tiny (2 player)
Population
200
Speed
Normal
Resources
Standard
Victory
Conquest
Starting age
Dark Age
Ending age
Imperial Age
RankedLock teamsTeams togetherTeam positionsShared explorationLock speedFull tech treeHidden civsTurbo modeCheats
Victory
Defeat
🇿🇦 Hindustanis · South Africa
1123
+14
🇩🇪 Mongols · Germany
1090
-14
s1ipperygold
6:57 Loom
10:33 Feudal Age
11:07 Double-Bit Axe
10:55 Man-at-Arms
16:01 Fletching
22:58 Castle Age
23:05 Bloodlines
23:08 Horse Collar
23:19 Gold Mining
24:58 Scale Barding Armor
25:59 Husbandry
27:09 Forging
28:32 Bow Saw
32:42 Iron Casting
BlackKanon07
6:59 Loom
9:32 Feudal Age
10:02 Double-Bit Axe
15:27 Wheelbarrow
21:25 Castle Age
20:31 Scale Barding Armor
21:44 Forging
27:10 Bloodlines
27:03 Gold Mining
27:45 Stone Mining
33:15 Town Watch
34:24 Light Cavalry
Connection lost

Rejoining the realm…

Still unreachable

The connection could not be restored.

Session expired

The server has moved on; the page needs a fresh start.